BSA
SPRINGFIELD STARS @ KALAMAZOO ROYALE WITH CHEESE
09/09/2027
 
TOP OF THE 1ST
Springfield Stars batting - Pitching for Kalamazoo Royale with Cheese : LHP Lorenzo Sánchez
Pitching: LHP Lorenzo Sánchez
Batting: RHB Félix Gonzáles 0-0: Called Strike
0-1: Ball
1-1: Called Strike
1-2: Foul Ball, location: 2F
1-2: Fly out, F8 (Flyball, 8RD)
Batting: RHB Calvin Bennett 0-0: Foul Ball, location: 2F
0-1: Foul Ball, location: 2F
0-2: SINGLE (Line Drive, 56D)
Batting: LHB Derek Davidson 0-0: Called Strike
0-1: Called Strike
Calvin Bennett is caught stealing 2nd base
0-2: Ball
1-2: Ball
2-2: Fly out, F7 (Flyball, 7S)
Top of the 1st over - 0 run(s), 1 hit(s), 0 error(s), 0 left on base; Springfield 0 - Kalamazoo 0
BOTTOM OF THE 1ST
Kalamazoo Royale with Cheese batting - Pitching for Springfield Stars : LHP José López
Pitching: LHP José López
Batting: RHB Pedro Rosado 0-0: Ground out 4-3 (Groundball, 4)
Batting: RHB Oliver Lugo 0-0: Swinging Strike
0-1: Called Strike
0-2: Ball
1-2: Foul Ball, location: 2F
1-2: SOLO HOME RUN (Flyball, 7D), Distance : 384 ft
Batting: RHB Andy Aiton 0-0: Ball
1-0: Ball
2-0: Foul Ball, location: 2F
2-1: Called Strike
2-2: Strikes out swinging
Batting: RHB Miguel Encarnación 0-0: Ball
1-0: Ball
2-0: Called Strike
2-1: Ball
3-1: Called Strike
3-2: SINGLE (Groundball, 4MD)
Batting: RHB Run-ming Zhu 0-0: Called Strike
0-1: Ball
1-1: Foul Ball, location: 2F
1-2: Foul Ball, location: 2F
1-2: Foul Ball, location: 2F
1-2: Foul Ball, location: 2F
1-2: Ball
2-2: Ball
3-2: Fly out, F9 (Line Drive, 9)
Bottom of the 1st over - 1 run(s), 2 hit(s), 0 error(s), 1 left on base; Springfield 0 - Kalamazoo 1
TOP OF THE 2ND
Springfield Stars batting - Pitching for Kalamazoo Royale with Cheese : LHP Lorenzo Sánchez
Batting: LHB Felipe Guerrero 0-0: Foul Ball, location: 2F
0-1: Ball
1-1: Ball
2-1: Foul Ball, location: 2F
2-2: Ball
3-2: Ground out 4-3 (Groundball, 4)
Batting: SHB Shane Hutchinson 0-0: Ball
1-0: Ball
2-0: Foul Ball, location: 2F
2-1: Ball
3-1: Foul Ball, location: 2F
3-2: Foul Ball, location: 2F
3-2: Foul Ball, location: 2F
3-2: Foul Ball, location: 2F
3-2: Fly out, F4 (Popup, 34)
Batting: LHB Elliott Newell 0-0: Ball
1-0: Foul Ball, location: 2F
1-1: Foul Ball, location: 2F
1-2: Strikes out looking
Top of the 2nd over - 0 run(s), 0 hit(s), 0 error(s), 0 left on base; Springfield 0 - Kalamazoo 1
BOTTOM OF THE 2ND
Kalamazoo Royale with Cheese batting - Pitching for Springfield Stars : LHP José López
Batting: LHB Al Mills 0-0: Ball
1-0: Foul Ball, location: 2F
1-1: Foul Ball, location: 2F
1-2: Ball
2-2: Ball
3-2: SINGLE (Groundball, 6MD)
Batting: RHB Jorge Márquez 0-0: Ball
1-0: Called Strike
1-1: Grounds into double play, 6-4-3 (Groundball, 6)
Batting: LHB William Ruffo 0-0: Ball
1-0: Fly out, F8 (Flyball, 8RD)
Bottom of the 2nd over - 0 run(s), 1 hit(s), 0 error(s), 0 left on base; Springfield 0 - Kalamazoo 1
TOP OF THE 3RD
Springfield Stars batting - Pitching for Kalamazoo Royale with Cheese : LHP Lorenzo Sánchez
Batting: LHB Ryan Drake 0-0: DOUBLE (Line Drive, 9LM)
Batting: LHB Jesús Tobías 0-0: Ball
1-0: Called Strike
1-1: Fly out, F7 (Flyball, 78S)
Batting: RHB Juan Rodríguez 0-0: Foul Ball, location: 2F
0-1: Ball
1-1: Called Strike
1-2: Strikes out swinging
Batting: RHB Félix Gonzáles 0-0: Ball
1-0: Ball
2-0: Ball
3-0: Base on Balls
Batting: RHB Calvin Bennett 0-0: Swinging Strike
0-1: Swinging Strike
0-2: Ball
1-2: Fly out, F8 (Flyball, 8RD)
Top of the 3rd over - 0 run(s), 1 hit(s), 0 error(s), 2 left on base; Springfield 0 - Kalamazoo 1
BOTTOM OF THE 3RD
Kalamazoo Royale with Cheese batting - Pitching for Springfield Stars : LHP José López
Batting: RHB Rafael González 0-0: Ball
1-0: Bunt for hit - play at first, batter OUT! 1-3
Batting: RHB Pedro Rosado 0-0: SINGLE (Groundball, 6) (infield hit)
Batting: RHB Oliver Lugo 0-0: Called Strike
0-1: Ball
1-1: Ball
2-1: Foul Ball, location: 2F
2-2: Strikes out swinging
Batting: RHB Andy Aiton 0-0: Ball
1-0: Called Strike
Pedro Rosado is caught stealing 2nd base
Bottom of the 3rd over - 0 run(s), 1 hit(s), 0 error(s), 0 left on base; Springfield 0 - Kalamazoo 1
TOP OF THE 4TH
Springfield Stars batting - Pitching for Kalamazoo Royale with Cheese : LHP Lorenzo Sánchez
Batting: LHB Derek Davidson 0-0: Foul Ball, location: 2F
0-1: Ball
1-1: Fly out, F9 (Flyball, 9LS)
Batting: LHB Felipe Guerrero 0-0: Ball
1-0: Ball
2-0: Ball
3-0: Called Strike
3-1: Base on Balls
Batting: SHB Shane Hutchinson 0-0: Foul Ball, location: 2F
0-1: Ball
1-1: Ball
2-1: Ball
3-1: Foul Ball, location: 2F
3-2: Fly out, F9 (Line Drive, 89S)
Batting: LHB Elliott Newell 0-0: Ball
1-0: Ball
2-0: Ball
3-0: Called Strike
3-1: Base on Balls
Felipe Guerrero to second
Batting: LHB Ryan Drake 0-0: Ball
1-0: SINGLE (Groundball, 4MD)
Felipe Guerrero to third
Elliott Newell to second
Runner from 3rd tries for Home, SAFE, throw made home
Elliott Newell to third
Ryan Drake to second
Batting: LHB Jesús Tobías 0-0: Ball
1-0: Ball
2-0: Called Strike
2-1: SINGLE (Flyball, 8RS)
Elliott Newell scores
Ryan Drake to third
Runner from 3rd tries for Home, SAFE, no throw
Batting: RHB Juan Rodríguez 0-0: Ball
1-0: Called Strike
Jesús Tobías is caught stealing 2nd base
Top of the 4th over - 3 run(s), 2 hit(s), 0 error(s), 0 left on base; Springfield 3 - Kalamazoo 1
BOTTOM OF THE 4TH
Kalamazoo Royale with Cheese batting - Pitching for Springfield Stars : LHP José López
Batting: RHB Andy Aiton 0-0: Called Strike
0-1: Ball
1-1: Swinging Strike
1-2: Foul Ball, location: 2F
1-2: Ground out 5-3 (Groundball, 25)
Batting: RHB Miguel Encarnación 0-0: Ball
1-0: Foul Ball, location: 2F
1-1: Ball
2-1: Ball
3-1: Base on Balls
Batting: RHB Run-ming Zhu 0-0: Called Strike
Miguel Encarnación steals 2nd base
0-1: Called Strike
0-2: Foul Ball, location: 2F
0-2: Strikes out swinging
Batting: LHB Al Mills 0-0: Ball
1-0: Ball
2-0: Foul Ball, location: 2F
2-1: Ball
3-1: Called Strike
3-2: Foul Ball, location: 2F
3-2: SINGLE (Groundball, 56D)
Miguel Encarnación to third
Miguel Encarnación scores
Batting: RHB Jorge Márquez 0-0: Called Strike
0-1: Ball
1-1: Fly out, F8 (Flyball, 8LM)
Bottom of the 4th over - 1 run(s), 1 hit(s), 0 error(s), 1 left on base; Springfield 3 - Kalamazoo 2
TOP OF THE 5TH
Springfield Stars batting - Pitching for Kalamazoo Royale with Cheese : LHP Lorenzo Sánchez
Batting: RHB Juan Rodríguez 0-0: Ball
1-0: Ground out U3 (Groundball, 34)
Batting: RHB Félix Gonzáles 0-0: Called Strike
0-1: Ball
1-1: Ball
2-1: Ball
3-1: Called Strike
3-2: SINGLE (Flyball, 8RS)
Batting: RHB Calvin Bennett 0-0: Ball
1-0: Swinging Strike
1-1: Swinging Strike
1-2: Strikes out swinging
Batting: LHB Derek Davidson 0-0: Ball
1-0: Ball
2-0: Called Strike
2-1: Swinging Strike
2-2: Foul Ball, location: 2F
2-2: DOUBLE (Flyball, 8RXD)
Félix Gonzáles to third
Pitching: LHP Carlos Thomas
Batting: LHB Felipe Guerrero 0-0: Called Strike
0-1: Foul Ball, location: 2F
0-2: Strikes out swinging
Top of the 5th over - 0 run(s), 2 hit(s), 0 error(s), 2 left on base; Springfield 3 - Kalamazoo 2
BOTTOM OF THE 5TH
Kalamazoo Royale with Cheese batting - Pitching for Springfield Stars : LHP José López
Batting: LHB William Ruffo 0-0: Foul Ball, location: 2F
0-1: Ball
1-1: Swinging Strike
1-2: Fly out, F8 (Flyball, 8RM)
Batting: RHB Rafael González 0-0: SINGLE (Groundball, 6D)
Batting: RHB Pedro Rosado 0-0: Called Strike
0-1: Called Strike
0-2: SINGLE (Flyball, 8RM)
Rafael González to second
Batting: RHB Oliver Lugo 0-0: Called Strike
0-1: Foul Ball, location: 2F
0-2: Strikes out swinging
Batting: RHB Andy Aiton 0-0: Called Strike
0-1: Called Strike
0-2: Fly out, F4 (Popup, 4D)
Bottom of the 5th over - 0 run(s), 2 hit(s), 0 error(s), 2 left on base; Springfield 3 - Kalamazoo 2
TOP OF THE 6TH
Springfield Stars batting - Pitching for Kalamazoo Royale with Cheese : LHP Carlos Thomas
Batting: SHB Shane Hutchinson 0-0: Called Strike
0-1: Swinging Strike
0-2: Ball
1-2: Ball
2-2: Strikes out swinging
Batting: LHB Elliott Newell 0-0: Ball
1-0: Foul Ball, location: 2F
1-1: Foul Ball, location: 2F
1-2: Ground out 4-3 (Groundball, 34)
Batting: LHB Ryan Drake 0-0: Ball
1-0: Called Strike
1-1: Ball
2-1: Ball
3-1: Base on Balls
Batting: LHB Jesús Tobías 0-0: Swinging Strike
0-1: Foul Ball, location: 2F
0-2: Ball
1-2: Foul Ball, location: 2F
1-2: Foul Ball, location: 2F
1-2: Foul Ball, location: 2F
1-2: Ball
2-2: Foul Ball, location: 2F
2-2: Strikes out looking
Top of the 6th over - 0 run(s), 0 hit(s), 0 error(s), 1 left on base; Springfield 3 - Kalamazoo 2
BOTTOM OF THE 6TH
Kalamazoo Royale with Cheese batting - Pitching for Springfield Stars : LHP José López
Batting: RHB Miguel Encarnación 0-0: Foul Ball, location: 2F
0-1: Called Strike
0-2: Strikes out swinging
Batting: RHB Run-ming Zhu 0-0: SINGLE (Line Drive, 7S)
Batting: LHB Al Mills 0-0: Foul Ball, location: 2F
0-1: Foul Ball, location: 2F
0-2: Ball
1-2: Ball
2-2: Ball
3-2: Fly out, F8 (Flyball, 78D)
Batting: RHB Jorge Márquez 0-0: Ball
1-0: Ball
2-0: Swinging Strike
2-1: Fly out, F6 (Popup, 6D)
Bottom of the 6th over - 0 run(s), 1 hit(s), 0 error(s), 1 left on base; Springfield 3 - Kalamazoo 2
TOP OF THE 7TH
Springfield Stars batting - Pitching for Kalamazoo Royale with Cheese : LHP Carlos Thomas
Batting: RHB Juan Rodríguez 0-0: Ball
1-0: Foul Ball, location: 2F
1-1: Foul Ball, location: 2F
1-2: Ball
2-2: Ball
3-2: Base on Balls
Batting: RHB Félix Gonzáles 0-0: Ball
1-0: Called Strike
1-1: Swinging Strike
1-2: Strikes out swinging
Batting: RHB Calvin Bennett 0-0: 2-RUN HOME RUN (Flyball, 78XD), Distance : 431 ft
Batting: LHB Derek Davidson 0-0: Ball
1-0: Called Strike
1-1: Foul Ball, location: 2F
1-2: Ball
2-2: Foul Ball, location: 2F
2-2: Ground out 4-3 (Groundball, 4)
Batting: LHB Felipe Guerrero 0-0: Ball
1-0: Swinging Strike
1-1: Ground out 5-3 (Groundball, 56S)
Top of the 7th over - 2 run(s), 1 hit(s), 0 error(s), 0 left on base; Springfield 5 - Kalamazoo 2
BOTTOM OF THE 7TH
Kalamazoo Royale with Cheese batting - Pitching for Springfield Stars : LHP José López
Pitching: RHP Jorge Delgado
Batting: LHB William Ruffo 0-0: Ball
1-0: Single, Error in OF, E8, batter to second base
Batting: RHB Rafael González 0-0: Ball
1-0: Ball
2-0: Ball
3-0: Called Strike
3-1: Base on Balls
Batting: RHB Pedro Rosado 0-0: Bunted foul
0-1: Sac Bunt - play at first, batter OUT! 1-4
William Ruffo to third
Rafael González to second
Batting: RHB Oliver Lugo 0-0: Ball
1-0: Ball
2-0: Ground out 1-3 (Groundball, 15S)
Batting: RHB Andy Aiton 0-0: Ground out 4-3 (Groundball, 34)
Bottom of the 7th over - 0 run(s), 1 hit(s), 1 error(s), 2 left on base; Springfield 5 - Kalamazoo 2
TOP OF THE 8TH
Springfield Stars batting - Pitching for Kalamazoo Royale with Cheese : LHP Carlos Thomas
Batting: SHB Shane Hutchinson 0-0: Foul Ball, location: 2F
0-1: Ball
1-1: Fly out, F8 (Flyball, 78M)
Batting: LHB Elliott Newell 0-0: Ball
1-0: Ball
2-0: Foul Ball, location: 2F
2-1: Ground out 6-3 (Groundball, 6)
Batting: LHB Ryan Drake 0-0: Ball
1-0: Ball
2-0: Fly out, F3 (Line Drive, 3S)
Top of the 8th over - 0 run(s), 0 hit(s), 0 error(s), 0 left on base; Springfield 5 - Kalamazoo 2
BOTTOM OF THE 8TH
Kalamazoo Royale with Cheese batting - Pitching for Springfield Stars : RHP Jorge Delgado
Now at 2B: David García
Batting: RHB Miguel Encarnación 0-0: Ball
1-0: Foul Ball, location: 2F
1-1: Ball
2-1: Called Strike
2-2: SINGLE (Groundball, 56D)
Pitching: RHP Luis Cortéz
Batting: RHB Run-ming Zhu 0-0: Swinging Strike
0-1: Foul Ball, location: 2F
0-2: Ball
1-2: Foul Ball, location: 2F
1-2: Ball
2-2: Fly out, F7 (Flyball, 78XD)
Pitching: LHP Shan Liu
Batting: LHB Al Mills 0-0: Called Strike
0-1: Swinging Strike
0-2: Strikes out swinging
Pitching: RHP Yajirobei Endo
Batting: RHB Jorge Márquez 0-0: Swinging Strike
0-1: Fly out, F7 (Flyball, 7)
Bottom of the 8th over - 0 run(s), 1 hit(s), 0 error(s), 1 left on base; Springfield 5 - Kalamazoo 2
TOP OF THE 9TH
Springfield Stars batting - Pitching for Kalamazoo Royale with Cheese : LHP Carlos Thomas
Pitching: RHP Fergus Wakeford
Batting: LHB Jesús Tobías 0-0: Fly out, F3 (Popup, 3S)
Batting: RHB Juan Rodríguez 0-0: Ball
1-0: Ball
2-0: Foul Ball, location: 2F
2-1: DOUBLE (Line Drive, 7D)
Batting: RHB Félix Gonzáles 0-0: Called Strike
0-1: Swinging Strike
0-2: Ball
1-2: Foul Ball, location: 2F
1-2: Ball
2-2: Foul Ball, location: 2F
2-2: Foul Ball, location: 2F
2-2: Foul Ball, location: 2F
2-2: Ball
3-2: Fly out, F9 (Flyball, 9LSF)
Batting: RHB Calvin Bennett 0-0: Called Strike
0-1: Ball
1-1: Swinging Strike
1-2: Strikes out looking
Top of the 9th over - 0 run(s), 1 hit(s), 0 error(s), 1 left on base; Springfield 5 - Kalamazoo 2
BOTTOM OF THE 9TH
Kalamazoo Royale with Cheese batting - Pitching for Springfield Stars : RHP Yajirobei Endo
Pitching: RHP José Valdéz
Batting: LHB William Ruffo 0-0: Ball
1-0: Foul Ball, location: 2F
1-1: SINGLE (Flyball, 7LS)
Batting: RHB Rafael González 0-0: Foul Ball, location: 2F
0-1: Foul Ball, location: 2F
0-2: Ball
1-2: Strikes out swinging
Batting: RHB Pedro Rosado 0-0: Called Strike
0-1: Called Strike
0-2: Ball
1-2: Strikes out swinging
Batting: RHB Oliver Lugo 0-0: Ball
1-0: Foul Ball, location: 2F
1-1: Called Strike
1-2: Strikes out swinging
Bottom of the 9th over - 0 run(s), 1 hit(s), 0 error(s), 1 left on base; Springfield 5 - Kalamazoo 2
Thursday, March 30th, 2017 - OOTP Baseball 17.12 Build 75